 Dungeon Crawl Stone Soup version 0.20-a0-936-gaf809b6 (webtiles) character file.

172 Njoerkh the Insei (level 5, 0/25 HPs)
             Began as a Vine Stalker Transmuter on Mar 30, 2017.
             Was a Follower of Makhleb.
             Slain by Purgy (1 damage)
             ... on level 4 of the Dungeon.
             The game lasted 01:01:28 (4220 turns).

Njoerkh the Insei (Vine Stalker Transmuter)         Turns: 4220, Time: 01:01:34

Health: 0/25       AC:  5    Str: 13    XL:     5   Next: 52%
Magic:  0/18       EV: 12    Int: 14    God:    Makhleb [*.....]
Gold:   190        SH:  0    Dex: 14    Spells: 2/8 levels left

rFire    . . .     SeeInvis .     - Unarmed
rCold    . . .     Gourm    .   (no shield)
rNeg     . . .     Faith    .   b - +0 robe
rPois    .         Spirit   +   (helmet restricted)
rElec    .         Reflect  .   i - +0 cloak
rCorr    .         Harm     .   o - +0 pair of gloves
MR       .....                  (boots currently unavailable)
Stlth    +.........             A - amulet of inaccuracy (curse)
Regen    0.5/turn               m - ring of magical power
MPRegen  0.2/turn               (no ring)

@: about to teleport, appendage (expiring), very slightly contaminated
A: antennae 1, fangs 2, talons 3, rugged brown scales 1, regeneration 1, magic
shield, antimagic bite, no potion heal 3, rot immunity
a: End Transformation, Renounce Religion


You were on level 4 of the Dungeon.
You worshipped Makhleb.
Makhleb was aware of your devotion.
You were not hungry.
You had grown temporary talons.
You visited 2 branches of the dungeon, and saw 5 of its levels.
You also visited: Sewer.

You collected 190 gold pieces.

Inventory:

Hand Weapons
 g - a cursed -2 mace
 h - a +0 dagger
 j - a cursed -3 hunting sling
Missiles
 a - 2 arrows
 f - 50 stones (quivered)
 r - a throwing net
 y - 19 poisoned needles
Armour
 b - a +0 robe (worn)
 i - a +0 cloak (worn)
 o - a +0 pair of gloves (worn)
Jewellery
 m - a ring of magical power (left hand)
 A - a cursed amulet of inaccuracy (around neck)
Wands
 p - a wand of random effects (12/48)
 w - a wand of polymorph (17/24)
Scrolls
 e - 2 scrolls of fear
 k - 5 scrolls of identify
 n - a scroll of teleportation
 B - a scroll of random uselessness {unknown}
 C - a scroll of remove curse
Potions
 q - a potion of curing
 u - a potion of agility
 v - a potion of haste
Books
 c - a book of Changes

   Spells                             Type                      Level
   a - Beastly Appendage              Transmutation                1
   b - Sticks to Snakes               Transmutation                2
   c - Spider Form                    Transmutation/Poison         3
   d - Ice Form                       Ice/Transmutation            4
   e - Blade Hands                    Transmutation                5
 x - Alou's Reference Book on Flight and Hexes
   (You found it on level 4 of the Dungeon)

   Spells                             Type                      Level
   a - Swiftness                      Charms/Air                   2
   b - Ensorcelled Hibernation        Hexes/Ice                    2
   c - Portal Projectile              Hexes/Translocation          3
   d - Yara's Violent Unravelling     Hexes/Transmutation          5
   e - Silence                        Hexes/Air                    5
Comestibles
 d - 2 bread rations
 l - 2 royal jellies
 t - 3 meat rations
 z - 2 fruits


   Skills:
 - Level 1.0 Fighting
 - Level 2.0 Dodging
 + Level 4.6 Unarmed Combat
 - Level 2.2 Spellcasting
 + Level 3.8 Transmutations


You had 2 spell levels left.
You knew the following spells:

 Your Spells              Type           Power        Failure   Level  Hunger
a - Beastly Appendage     Tmut           ##....       6%          1    #......
b - Sticks to Snakes      Tmut           ##......     10%         2    ###....
c - Spider Form           Tmut/Pois      #.........   38%         3    ###....


Dungeon Overview and Level Annotations

Branches:
Dungeon (4/15)             Temple (1/1) D:4

Altars:
Ashenzari
Dithmenos
Elyvilon
Fedhas
Gozag
Hepliaklqana
Kikubaaqudgha
Makhleb
Nemelex Xobeh
Ru
Trog
Wu Jian
Xom
Yredelemnul
Zin
The Shining One

Annotations:
D:3 Sigmund
D:4 Menkaure, Purgy


Innate Abilities, Weirdness & Mutations

You have extremely sharp teeth.
Your natural rate of healing is unusually fast.
When hurt, damage is shared between your health and your magic reserves.
Your bite disrupts and absorbs the magic of your enemies.
Potions cannot restore your health.
You are immune to rotting.
You have a pair of small antennae on your head.
You have claws for feet.
You are partially covered in rugged brown scales. (AC +1, +3% HP)


Message History

You closely miss Purgy. Your kick misses Purgy. You bite Purgy.
You drain his power.
You feel invigorated.
Purgy is heavily wounded.
Your transformation is almost over.
Purgy bites you. Purgy claws you but does no damage. Purgy claws you.
You hit Purgy.
Purgy is severely wounded.
Purgy bites you. Purgy closely misses you. Purgy claws you but does no damage.
You miss Purgy.
Purgy is heavily wounded.
Purgy bites you!
* * * LOW HITPOINT WARNING * * *
Purgy closely misses you. Purgy claws you but does no damage.
As you read the scroll of teleportation, it crumbles to dust.
You feel strangely unstable. Purgy bites you.
* * * LOW HITPOINT WARNING * * *
Purgy claws you.
* * * LOW HITPOINT WARNING * * *
Purgy claws you.
You die...

##### ..... .####
#####.######### ...#
.##...##≈≈≈.≈≈÷##
.#.##.##...#.#######≈#
......##...#.##†≈≈≈#≈#
......##...#≈#≈###≈#≈#
......##...#.##T@#.#≈#
....$.##...#≈#####.#≈#
......##...##†≈≈≈≈##≈#
......##.#..########≈#
......##.###.≈.≈≈≈≈†##
########.############
#.......# #
######.####
######......#


You could see Purgy.

Vanquished Creatures
  A gnoll (D:1)
  5 adders
  A river rat (D:4)
  2 worms
  10 dart slugs
  5 leopard geckos
  5 giant cockroaches
  7 hobgoblins
  5 jackals (D:2)
  6 kobolds
  A quokka (D:3)
  3 bats
  3 frilled lizards (D:2)
  7 goblins
  5 rats
66 creatures vanquished.

Vanquished Creatures (collateral kills)
  2 gnolls (D:2)
  A hobgoblin (D:2)
3 creatures vanquished.

Vanquished Creatures (others)
  A human (D:3)
1 creature vanquished.

Grand Total: 70 creatures vanquished

Notes
Turn   | Place    | Note
-------+----------+-------------------------------------------
     0 | D:1      | Njoerkh the Vine Stalker Transmuter began the quest for the Orb.
     0 | D:1      | Reached XP level 1. HP: 9/9 MP: 4/4
   205 | D:1      | Reached skill level 1 in Fighting
   263 | D:1      | You fall through a shaft!
   340 | D:2      | Reached XP level 2. HP: 14/14 MP: 4/6
   447 | D:2      | Found a burning altar of Makhleb.
   447 | D:2      | Found an opulent altar of Gozag.
   456 | D:2      | Became a worshipper of Makhleb the Destroyer
  1669 | D:2      | Reached XP level 3. HP: 16/18 MP: 7/7
  2049 | D:2      | Learned a level 2 spell: Sticks to Snakes
  2221 | D:2      | Gained mutation: Your natural rate of healing is unusually fast. [Vine Stalker growth]
  2221 | D:2      | Reached XP level 4. HP: 10/22 MP: 3/8
  3015 | D:3      | Reached skill level 4 in Unarmed Combat
  3021 | D:3      | Found an ancient bone altar of Kikubaaqudgha.
  3027 | D:3      | Noticed a human
  3028 | D:3      | Killed a human
  3094 | D:3      | Reached * piety under Makhleb
  3130 | D:3      | Noticed Sigmund
  3343 | D:3      | Found a shadowy altar of Dithmenos.
  3363 | D:3      | Reached XP level 5. HP: 25/25 MP: 9/9
  3387 | D:4      | Found a basalt altar of Yredelemnul.
  3389 | D:4      | Identified Alou's Reference Book on Flight and Hexes
  3429 | D:4      | Noticed Menkaure
  3441 | D:3      | Gained mutation: You have a pair of small antennae on your head. [potion of mutation]
  3441 | D:3      | Gained mutation: You are partially covered in rugged brown scales. (AC +1, +3% HP) [potion of mutation]
  3538 | D:3      | Found a glowing golden altar of the Shining One.
  3658 | D:4      | Found a staircase to the Ecumenical Temple.
  3669 | Temple   | Entered the Ecumenical Temple
  4042 | D:4      | Found a glowing drain.
  4046 | Sewer    | Entered a sewer
  4083 | Sewer    | Learned a level 3 spell: Spider Form
  4187 | Sewer    | Noticed Purgy
  4220 | D:4      | HP: 1/25 [Purgy (1)]
  4220 | D:4      | Slain by Purgy

Vault maps used:
D:1:      elethiomel_arrival_quiet
D:2:      gammafunk_temple_overflow_statue
D:3:      kennysheep_slugbush, tso_oasis_becter, nicolae_overflow_crystal_walls,
          tgw_kikubaaqudgha, uniq_sigmund
D:4:      yredelemnul_altar_generic, kennysheep_slug_shrine,
          minmay_temple_entry_junction, gup_sewer_entry_spiral, first_bread,
          uniq_menkaure
Temple:   compressed_dpeg_circular_temple
Sewer:    kennysheep_door_sewer

Skill      XL: |  1  2  3  4 |
---------------+-------------+-----
Fighting       | 1 |  1.0
Dodging        | 2 |  2.0
Transmutations | 3 |  3.8
Unarmed Combat | 4 |  4.6
Spellcasting   | |  2.2

Action                   |  1- 3 |  4- 6 || total
-------------------------+-------+-------++-------
Melee: Unarmed           |    84 |   156 ||   240
       Bite              |    18 |    32 ||    50
       Headbutt          |     4 |     2 ||     6
       Kick              |     3 |    20 ||    23
       Punch             |       |     2 ||     2
Throw: Stone             |       |    16 ||    16
 Cast: Beastly Appendage |    21 |    20 ||    41
       Sticks to Snakes  |     8 |     2 ||    10
  Use: Scroll            |     5 |     8 ||    13
       Potion            |     2 |     4 ||     6
 Stab: Sleeping          |     1 |       ||     1
  Eat: Chunk             |     5 |     7 ||    12
Armor: Robe              |     7 |    47 ||    54
Dodge: Dodged            |    48 |    99 ||   147
